 Dungeon Crawl Stone Soup version 0.28-a0-1510-gd0f6b136d3 (webtiles) character file.

Game seed: 14845295618415707489

4 Armakuni the Caller (level 1, 0/14 HPs)
             Began as a Human Summoner on Jan 14, 2022.
             Slain by a ball python (2 damage)
             ... on level 1 of the Dungeon.
             The game lasted 00:01:43 (74 turns).

Armakuni the Caller (Human Summoner)                  Turns: 74, Time: 00:01:44

Health: 0/14       AC:  2    Str:  8    XL:     1   Next: 77%
Magic:  1/3        EV: 12    Int: 15    God:
Gold:   4          SH:  0    Dex: 13    Spells: 3/4 levels left

rFire   . . .      SeeInvis .   (no weapon)
rCold   . . .      Faith    .   (no shield)
rNeg    . . .      Spirit   .   a - +0 robe
rPois   .          Reflect  .   (no helmet)
rElec   .          Harm     .   (no cloak)
rCorr   .          Rampage  .   (no gloves)
Will    .....                   (no boots)
Stlth   ++........              (no amulet)
HPRegen 0.04/turn               (no ring)
MPRegen 0.08/turn               (no ring)

@: no status effects
A: no striking features
a: no special abilities


You were on level 1 of the Dungeon.
You visited 1 branch of the dungeon, and saw 1 of its levels.

You collected 4 gold pieces.

Inventory:

Armour
 a - a +0 robe (worn)


   Skills:
 + Level 0.7 Fighting
 - Level 2.0 Dodging
 - Level 2.0 Stealth
 - Level 2.0 Spellcasting
 + Level 4.1 Summonings


You had 3 spell levels left.
You knew the following spells:

 Your Spells              Type           Power      Damage    Failure   Level
a - Summon Small Mammal   Summ           52%        N/A       4%          1

Your spell library contained the following spells:

 Spells                   Type           Power      Damage    Failure   Level
 Call Imp                 Summ           13%        N/A       6%          2
 Call Canine Familiar     Summ           13%        N/A       12%         3
 Summon Guardian Golem    Hex/Summ       7%         N/A       28%         3
 Summon Lightning Spire   Summ/Air       7%         N/A       67%         4


Dungeon Overview and Level Annotations

Branches:
Dungeon (1/15)

Altars:


Message History

The ball python closely misses you.
You swap places.
Your bat hits the jackal.
Your bat hits the jackal but does no damage.
Your bat barely misses the jackal.
The jackal barely misses you.
The ball python closely misses your bat.
The ball python misses your bat.
Your bat misses the jackal.
Your bat barely misses the jackal.
Your bat hits the jackal but does no damage.
The jackal closely misses your bat.
Your bat barely misses the jackal.
The ball python barely misses your bat. The ball python grabs your bat.
The ball python constricts your bat.
Your bat misses the ball python. The jackal closely misses your bat.
The ball python bites your bat but does no damage.
The ball python constricts your bat.
Your bat disappears in a puff of smoke!
Your bat misses the ball python.
Your bat struggles to escape constriction.
The jackal barely misses your bat.
Your bat struggles to escape constriction.
The ball python closely misses your bat.
The ball python constricts your bat. The jackal barely misses your bat.
Your bat barely misses the ball python.
Your bat hits the ball python.
Your bat struggles to escape constriction.
The jackal bites your bat.
The ball python closely misses your bat.
The ball python constricts your bat.
Your bat escapes!
Your bat hits the jackal.
The jackal dies!
Your bat barely misses the ball python.
Your bat hits the ball python.
Your bat barely misses the ball python.
A jackal comes into view.
Your bat barely misses the ball python.
Your bat hits the ball python. The ball python closely misses you.
The ball python misses you.
Your bat misses the ball python.
Your bat barely misses the ball python. x2
Your bat barely misses the ball python.
The ball python bites you.
You die...

#.....###.≈≈.# #..#
###'### #..≈.# #..#
##8.8## #..## #..#
###'#### ### #..+#####
.......## #........
........#
######........
........#
#.............
.......##
#......b.#####
##'''### #..@S....#
#...#########.(......#
#..............†.....#
#############..†.....#
#........# #........#
#....†...# ##########


You could see a ball python (ally target) and a friendly bat (summoned).

Vanquished Creatures (collateral kills)
  An endoplasm (D:1)
  A giant cockroach (D:1)
  A jackal (D:1)
  A ball python (D:1)
4 creatures vanquished.

Notes
Turn   | Place    | Note
-------+----------+-------------------------------------------
     0 | D:1      | Armakuni the Human Summoner began the quest for the Orb.
     0 | D:1      | Reached XP level 1. HP: 13/13 MP: 3/3
    74 | D:1      | Slain by a ball python

Illustrated notes

Levels and vault maps discovered:
D:1:      shiori_arrival_elements, layout_basic, minmay_3d_cube

Action                   || total
-------------------------++-------
Melee: Unarmed           ||    13
 Cast: Summon Small Mamm ||     4
Armor: Robe              ||     5
Dodge: Dodged            ||    22

Table legend: (Time is in decaauts)
 A = Elapsed time spent in this place.
 B = Non-inter-level travel time spent in this place.
 C = Inter-level travel time spent in this place.
 D = Time resting spent in this place.
 E = Time spent auto-exploring this place.
 F = Levels seen in this place.
 G = Mean time per level.
                   A        B        C        D        E       F      G
               +--------+--------+--------+--------+--------+-----+--------+
         Total |     74 |     74 |      0 |      0 |     29 |   1 |   74.0 |
       Dungeon |     74 |     74 |      0 |      0 |     29 |   1 |   74.0 |
               +--------+--------+--------+--------+--------+-----+--------+

Top non-repeatable levels by time:
     D:1: 74 daAuts
